 Dungeon Crawl Stone Soup version 0.27-a0-869-g165b36e3f0 (webtiles) character file.

Game seed: 10542539274540617306

394 jasper the Chopper (level 6, -3/47 HPs)
             Began as a Djinni Berserker on Apr 2, 2021.
             Was a Priest of Trog.
             Slain by an iguana (6 damage)
             ... on level 5 of the Dungeon.
             The game lasted 00:07:04 (4571 turns).

jasper the Chopper (Djinni Berserker)               Turns: 4571, Time: 00:07:05

Health: -3/47      AC: 12    Str: 18    XL:     6   Next: 82%
Gold:   117        EV:  5    Int:  8    God:    Trog [***...] SH:  9 Dex: 13

rFire    + + .     SeeInvis .   p - +1 hand axe (vorpal)
rCold    x . .     Faith    .   v - +1 kite shield {AC+3}
rNeg     . . .     Spirit   .   d - +0 chain mail
rPois    ∞         Reflect  .   (no helmet)
rElec    .         Harm     .   (no cloak)
rCorr    .         Rampage  .   (no gloves)
Will     ++...                  (boots unavailable)
Stlth    ..........             (no amulet)
HPRegen  1.15/turn              (no ring)
MPRegen  0.00/turn              (no ring)

@: mighty, about to teleport, berserk cooldown, flying, regenerating (expiring),
slowed, very slow
A: fire resistance 2, cold vulnerability 1, float, innate caster, hp casting,
extra vitality 1
a: Renounce Religion, Berserk, Trog's Hand


You were on level 5 of the Dungeon.
You worshipped Trog.
Trog was most pleased with you.
You visited 1 branch of the dungeon, and saw 5 of its levels.

You collected 117 gold pieces.

Inventory:

Hand Weapons
 a - a +0 hand axe
 o - a +3 hand axe
 p - a +1 vorpal hand axe (weapon)
 r - a +3 whip of venom
Missiles
 k - 105 stones (quivered)
 m - 2 javelins
Armour
 b - a +0 animal skin
 d - a +0 chain mail (worn)
 q - a +0 chain mail
 v - a +1 kite shield of protection (worn)
Wands
 u - a wand of acid (9)
Scrolls
 g - a scroll of teleportation
Potions
 e - a potion of lignification
 n - 2 potions of attraction {unknown}


   Skills:
 + Level 4.2 Fighting
 * Level 4.2 Axes
 + Level 3.4 Armour
 + Level 3.7 Dodging
 + Level 1.0 Shields


You had 2 spell levels left.
You knew the following spells:

 Your Spells              Type           Power      Damage    Failure   Level
a - Magic Dart            Conj           0%         1d3       100%        1
b - Ensorcelled Hibernat  Hex/Ice        0%         N/A       100%        2
Your spell library was empty.


Dungeon Overview and Level Annotations

Branches:
Dungeon (5/15)             Temple (0/1) D:4

Altars:
Cheibriados
Nemelex Xobeh


Innate Abilities, Weirdness & Mutations

You are immune to poison.
Your flesh is very heat resistant. (rF++)
You are vulnerable to cold. (rC-)
You float through the air rather than walking.
You learn spells naturally, not from books.
Your magical power is your life essence.
You have superior vitality. (+4 HP)


Message History

* * * LOW HITPOINT WARNING * * *
You block the orc's attack. The jackal completely misses you.
You block the orc's attack.
The iguana bites you but does no damage.
The jackal bites you but does no damage.
Something hits you.
* * * LOW HITPOINT WARNING * * *
The jackal bites you but does no damage.
You block the orc's attack.
The orc priest hits you but does no damage.
The orc barely misses you. The iguana bites you.
* * * LOW HITPOINT WARNING * * *
You take 16 damage, and have 2/47 hp.
MASSIVE DAMAGE!!
Unknown command.
You feel better.
You feel the effects of Trog's Hand fading.
The jackal bites you but does no damage. x2
Something hits you.
* * * LOW HITPOINT WARNING * * *
The jackal bites you.
* * * LOW HITPOINT WARNING * * *
The orc priest hits you but does no damage.
The orc hits you but does no damage. You block the orc's attack.
The iguana bites you but does no damage.
The jackal barely misses you. You block something's attack.
You regained 6 hp, and now have 8/47 hp.
It was a potion of might.
You feel very mighty all of a sudden.
The jackal bites you but does no damage. x2
The orc priest hits you with a +0 short sword.
* * * LOW HITPOINT WARNING * * *
The orc hits you but does no damage. You block the orc's attack.
The iguana bites you.
* * * LOW HITPOINT WARNING * * *
You block the jackal's attack. Something hits you but does no damage.
You block the jackal's attack.
The orc priest mumbles some strange prayers to Beogh against you.
You resist with almost no effort. The orc hits you but does no damage.
You block the orc's attack. The iguana bites you.
You die...

#....###### ......#
#....#....##.......##
.....'.....+.........
##...#...)##.......#
#...#....# #.....#
#...#....# #.....#
######....###.....####
.........†.....(ol...#
.......##....(({@os..##
.......##......ohh....#
.......###......h.....#
....... #..........w.#
....[..
#.###.....###...
####### #. #.....# #. #
#. #.....# # .......
.........


You could see a worm, a scorpion, an iguana, an orc priest, 2 orcs and 3
jackals.

Vanquished Creatures
  2 black bears
  A bullfrog skeleton (D:5)
  Ijyb (D:5)
  3 adders (D:2)
  2 white imps (D:5)
  5 worms
  2 dart slugs
  9 orcs (D:3)
  8 bats
  9 endoplasms
  A giant cockroach (D:4)
  9 goblins
  10 hobgoblins
  12 jackals
  A quokka (D:4)
  7 ball pythons
  6 kobolds
  4 rats (D:2)
92 creatures vanquished.

Notes
Turn   | Place    | Note
-------+----------+-------------------------------------------
     0 | D:1      | jasper the Djinni Berserker began the quest for the Orb.
     0 | D:1      | Reached XP level 1. HP: 20/20 MP: 0/0
   232 | D:1      | Found a faded altar of an unknown god.
   275 | D:1      | Reached XP level 2. HP: 15/25 MP: 0/0
   731 | D:1      | Reached XP level 3. HP: 19/30 MP: 0/0
   731 | D:1      | Learned a level 1 spell: Magic Dart
  1403 | D:2      | Reached ** piety under Trog
  1622 | D:2      | Reached XP level 4. HP: 35/35 MP: 0/0
  2744 | D:3      | Found a sparkling altar of Nemelex Xobeh.
  2810 | D:3      | Reached *** piety under Trog
  2811 | D:3      | Reached XP level 5. HP: 32/40 MP: 0/0
  2811 | D:3      | Learned a level 2 spell: Ensorcelled Hibernation
  3541 | D:4      | Noticed a black bear
  3550 | D:4      | Killed a black bear
  3551 | D:4      | Reached XP level 6. HP: 47/47 MP: 0/0
  3711 | D:4      | Found a staircase to the Ecumenical Temple.
  4162 | D:5      | Entered Level 5 of the Dungeon
  4200 | D:5      | Noticed a black bear
  4209 | D:5      | Killed a black bear
  4473 | D:5      | Found a snail-covered altar of Cheibriados.
  4542 | D:5      | Noticed Ijyb
  4555 | D:5      | Killed Ijyb
  4556 | D:5      | Reached skill level 1 in Shields
  4566 | D:5      | HP: 2/47 [iguana (7)]
  4571 | D:5      | Slain by an iguana

Illustrated notes

Levels and vault maps discovered:
D:1:      dpeg_arrival_tiny_c, layout_rooms, chequers_ecumenical_altar_simple
D:2:      layout_loops_ring, chequers_serial_rivers_large_a,
          minmay_crystal_room, grunt_decor_arrowhead
D:3:      layout_rooms, general_overflow_altar
D:4:      layout_cave_pools, minmay_temple_entry_trees
D:5:      layout_basic, slow_altar_1, lightli_sewer_entry_pipes, uniq_ijyb

Skill      XL: |  1  2  3  4  5  6 |
---------------+-------------------+-----
Axes           | 3 4 |  4.2
Dodging        | 3 |  3.7
Fighting       | 4 |  4.2
Armour         | 3 |  3.4
Shields        | 1 |  1.0

Action                   |  1- 3 |  4- 6 || total
-------------------------+-------+-------++-------
Melee: Hand axe          |   142 |   187 ||   329
Throw: Stone             |    23 |    60 ||    83
Invok: Berserk           |     4 |     7 ||    11
       Trog's Hand       |       |     2 ||     2
  Use: Scroll            |       |    10 ||    10
       Potion            |       |     6 ||     6
Armor: Animal skin       |    11 |       ||    11
       Chain mail        |    85 |   192 ||   277
Dodge: Dodged            |    70 |   108 ||   178
Block: Kite shield       |       |    38 ||    38

Table legend: (Time is in decaauts)
 A = Elapsed time spent in this place.
 B = Non-inter-level travel time spent in this place.
 C = Inter-level travel time spent in this place.
 D = Time resting spent in this place.
 E = Time spent auto-exploring this place.
 F = Levels seen in this place.
 G = Mean time per level.
                   A        B        C        D        E       F      G
               +--------+--------+--------+--------+--------+-----+--------+
         Total |   4734 |   4598 |    136 |   1048 |   2643 |   5 |  946.8 |
       Dungeon |   4734 |   4598 |    136 |   1048 |   2643 |   5 |  946.8 |
               +--------+--------+--------+--------+--------+-----+--------+

Top non-repeatable levels by time:
     D:2: 1657 daAuts
     D:1: 1002 daAuts
     D:4: 822 daAuts
     D:3: 806 daAuts
     D:5: 446 daAuts
